 Dungeon Crawl Stone Soup version 0.27-a0-1158-gaa87e14f67 (webtiles) character file.

Game seed: 10344290069829301856

898 avis the Basher (level 8, -9/64 HPs)
             Began as a Hill Orc Monk on May 15, 2021.
             Was a Believer of Beogh.
             Mangled by an ogre
             ... wielding a +0 giant club
              (28 damage)
             ... on level 5 of the Dungeon.
             The game lasted 00:32:11 (7707 turns).

avis the Basher (Hill Orc Monk)                     Turns: 7707, Time: 00:32:12

Health: -9/64      AC:  8    Str: 16    XL:     8   Next: 7%
Magic:  10/10      EV:  7    Int: 10    God:    Beogh [**....]
Gold:   39         SH:  0    Dex: 13    Spells: 7/7 levels left

rFire    . . .     SeeInvis .   a - +0 whip (freeze)
rCold    . . .     Faith    .   (no shield)
rNeg     . . .     Spirit   .   r - +0 chain mail
rPois    .         Reflect  .   (no helmet)
rElec    .         Harm     .   (no cloak)
rCorr    .         Rampage  .   (no gloves)
Will     .....                  (no boots)
Stlth    ..........             (no amulet)
HPRegen  0.20/turn              (no ring)
MPRegen  0.12/turn              (no ring)

@: no status effects
A: no striking features
a: Renounce Religion, Smiting


You were on level 5 of the Dungeon.
You worshipped Beogh.
Beogh was pleased with you.
You visited 1 branch of the dungeon, and saw 5 of its levels.

You collected 136 gold pieces.
You spent 97 gold pieces at shops.

Inventory:

Hand Weapons
 a - a +0 whip of freezing (weapon)
 b - a +0 short sword of venom
 c - a +0 whip
 k - a +0 mace
 s - a +0 war axe
 t - a +0 antimagic hand axe
 u - a +0 trident
 D - a +0 flail
 E - a +0 shortbow
 F - a +0 trident
Missiles
 e - 141 stones
 h - 82 arrows
 j - 48 sling bullets
 o - 21 bolts
 v - 4 boomerangs
 w - 8 poisoned darts (quivered)
 A - 7 atropa-tipped darts
Armour
 r - a +0 chain mail (worn)
Magical Staves
 y - a staff of earth
Wands
 l - a wand of polymorph (9)
 G - a wand of digging (4)
Scrolls
 d - a scroll of summoning {unknown}
 f - a scroll of fear {unknown}
 m - a scroll of noise {unknown}
 n - a scroll of vulnerability {unknown}
 q - a scroll of identify
 B - 3 scrolls of magic mapping
 C - a scroll of fog
 I - a scroll of enchant weapon {unknown}
Potions
 g - a potion of cancellation {unknown}
 i - a potion of haste {unknown}
 p - 2 potions of might
 x - a potion of heal wounds
 z - a potion of brilliance {unknown}
 H - a potion of attraction {unknown}


   Skills:
 - Level 3.6 Fighting
 * Level 9.8 Maces & Flails
 - Level 2.4 Dodging
 - Level 1.5 Stealth
 - Level 3.0 Invocations
 - Level 1.0 Evocations


You had 7 spell levels left.
You didn't know any spells.
Your spell library contained the following spells:

 Spells                   Type           Power      Damage    Failure   Level
 Foxfire                  Conj/Fire      0%         2x1d4     100%        1
 Cause Fear               Hex            0%         N/A       100%        4
 Dragon Form              Tmut           0%         N/A       100%        7
 Dragon's Call            Summ           0%         N/A       100%        9


Dungeon Overview and Level Annotations

Branches:
Dungeon (5/15)
 Temple: D:4-7

Altars:
Ashenzari
Nemelex Xobeh
Xom

Shops:
D:3 ?

Annotations:
D:3 2 runed translucent doors


Message History

You closely miss the phantom.
The phantom is moderately damaged.
You miss the phantom.
The phantom is moderately damaged.
The phantom hits you.
The phantom blinks!
You blink.
You hit the phantom but do no damage.
The phantom is lightly damaged.
The phantom hits you!
The phantom blinks!
You blink.
You hit the phantom but do no damage.
The phantom is lightly damaged.
You closely miss the phantom.
The phantom is lightly damaged.
The phantom hits you.
You hit the phantom.
The phantom is moderately damaged.
You closely miss the phantom.
The phantom is moderately damaged.
The phantom hits you!
* * * LOW HITPOINT WARNING * * *
The phantom hits you!
* * * LOW HITPOINT WARNING * * *
You are no longer corroded.
The phantom barely misses you.
Found a shimmering altar of Xom.
Found a shimmering altar of Xom.
There is a stone staircase leading up here.
The phantom hits you.
* * * LOW HITPOINT WARNING * * *
The phantom blinks!
You blink.
You stop ascending the stairs.
The ogre barely misses you. The ogre hits you with a +0 giant club!
* * * LOW HITPOINT WARNING * * *
Found a shimmering altar of Xom.
Okay, then.
You feel much better. The phantom hits you!
* * * LOW HITPOINT WARNING * * *
The phantom hits you but does no damage.
You barely miss the phantom.
The ogre hits you with a +0 giant club!!
You die...

.....O....# ..^.≈#
.......#### ^.♣##
.....#.########⌠##
##...#...........#
#...#...........#
#...#...........#
+...+...........#
#...#.........O.#
..##########..W@#
############### ..
#...<....# .
#........# .
#........# .
#........# #+#####
#........# #......
#........# #......
####........#
#......


You could see a phantom and an ogre.

Vanquished Creatures
  A centaur zombie (D:5)
  A black bear (D:4)
  An ogre (D:4)
  A jelly (D:5)
  A hound (D:4)
  2 orc priests
  3 iguanas
  2 orc wizards
  A hound skeleton (D:4)
  3 adders
  An ufetubus (D:5)
  An adder skeleton (D:4)
  2 worms
  14 orcs
  9 endoplasms
  3 giant cockroaches
  4 goblins
  8 hobgoblins
  7 jackals
  5 kobolds
  3 quokkas
  6 ball pythons
  6 bats
  5 frilled lizards
  4 rats
94 creatures vanquished.

Vanquished Creatures (others)
  4 orcs (D:3)
  A ball python (D:3)
  A rat (D:3)
  7 fungi (D:1)
  3 plants (D:1)
16 creatures vanquished.

Grand Total: 110 creatures vanquished

Notes
Turn   | Place    | Note
-------+----------+-------------------------------------------
     0 | D:1      | avis the Hill Orc Monk began the quest for the Orb.
     0 | D:1      | Reached XP level 1. HP: 19/19 MP: 1/1
   177 | D:1      | Found a faded altar of an unknown god.
   309 | D:1      | Reached XP level 2. HP: 22/26 MP: 2/2
   391 | D:1      | Reached skill level 4 in Maces & Flails
   995 | D:1      | Reached XP level 3. HP: 31/31 MP: 3/3
  1588 | D:2      | Reached skill level 5 in Maces & Flails
  2281 | D:2      | Reached XP level 4. HP: 22/39 MP: 4/4
  2772 | D:3      | Became a worshipper of Beogh the Brigand
  2772 | D:3      | Reached * piety under Beogh
  2772 | D:3      | Reached ** piety under Beogh
  3018 | D:3      | Reached skill level 1 in Invocations
  3018 | D:3      | Reached skill level 1 in Evocations
  3715 | D:3      | Found Wehejiat's Magic Scroll Shop.
  3745 | D:3      | Found a broken altar of Ashenzari.
  3779 | D:3      | Reached XP level 5. HP: 27/45 MP: 4/6
  3985 | D:3      | Found a large runed translucent door.
  3986 | D:3      | Found a large runed translucent door.
  4178 | D:3      | Found a sparkling altar of Nemelex Xobeh.
  4418 | D:3      | Reached skill level 6 in Maces & Flails
  5004 | D:4      | Noticed an ogre
  5022 | D:4      | Reached XP level 6. HP: 24/51 MP: 6/8
  5994 | D:4      | Reached skill level 7 in Maces & Flails
  6412 | D:3      | Bought a scroll of identify for 26 gold pieces
  6412 | D:3      | Bought a scroll of magic mapping for 45 gold pieces
  6412 | D:3      | Bought a scroll of fog for 26 gold pieces
  6521 | D:5      | Entered Level 5 of the Dungeon
  6560 | D:5      | Noticed a black bear
  6573 | D:4      | Killed a black bear
  6574 | D:4      | Reached XP level 7. HP: 33/57 MP: 9/9
  6751 | D:4      | Reached skill level 8 in Maces & Flails
  7043 | D:5      | Reached skill level 9 in Maces & Flails
  7476 | D:5      | Found a shimmering altar of Xom.
  7488 | D:5      | Reached XP level 8. HP: 48/64 MP: 10/10
  7665 | D:5      | Found a shimmering altar of Xom.
  7668 | D:5      | Found a shimmering altar of Xom.
  7702 | D:5      | Found a shimmering altar of Xom.
  7707 | D:5      | Mangled by an ogre

Illustrated notes

Levels and vault maps discovered:
D:1:      dpeg_arrival_line_fractal, layout_rooms,
          shapermc_ecumenical_altar_mp_urbaneastern,
          chequers_hall_statues_wall_a, kennysheep_small_spiral
D:2:      layout_loops_corners
D:3:      layout_basic, jmf_multi_god_temple2, ashenzari_altar_1,
          nemelex_dance_club_becter, serial_shops, nicolae_shop_behind_doors
D:4:      layout_basic
D:5:      layout_basic, xom_redecorated

Skill      XL: |  1  2  3  4  5  6  7 |
---------------+----------------------+-----
Maces & Flails | 4 5 6 7 9 |  9.8
Invocations    | 1 2 3 |  3.0
Evocations     | 1 |  1.0
Fighting       | |  3.6
Dodging        | |  2.4
Stealth        | |  1.5

Action                   |  1- 3 |  4- 6 |  7- 9 || total
-------------------------+-------+-------+-------++-------
Melee: Mace              |   113 |       |       ||   113
       Whip              |    22 |   254 |   106 ||   382
       Staff             |     4 |       |       ||     4
       Short sword       |       |     2 |       ||     2
Throw: Stone             |    24 |       |       ||    24
       Dart              |       |    27 |    19 ||    46
Invok: Convert to Beogh  |       |     1 |       ||     1
  Use: Potion            |     1 |       |     1 ||     2
       Scroll            |       |     2 |       ||     2
 Stab: Sleeping          |     2 |       |       ||     2
Armor: Robe              |    17 |       |       ||    17
       Leather armour    |     9 |     8 |       ||    17
       Skin              |     5 |       |       ||     5
       Chain mail        |       |    68 |    63 ||   131
Dodge: Dodged            |    78 |    59 |    22 ||   159

Table legend: (Time is in decaauts)
 A = Elapsed time spent in this place.
 B = Non-inter-level travel time spent in this place.
 C = Inter-level travel time spent in this place.
 D = Time resting spent in this place.
 E = Time spent auto-exploring this place.
 F = Levels seen in this place.
 G = Mean time per level.
                   A        B        C        D        E       F      G
               +--------+--------+--------+--------+--------+-----+--------+
         Total |   7653 |   7087 |    566 |   2757 |   2342 |   5 | 1530.6 |
       Dungeon |   7653 |   7087 |    566 |   2757 |   2342 |   5 | 1530.6 |
               +--------+--------+--------+--------+--------+-----+--------+

Top non-repeatable levels by time:
     D:4: 2202 daAuts
     D:2: 1826 daAuts
     D:3: 1747 daAuts
     D:1: 1269 daAuts
     D:5: 607 daAuts
